 Dungeon Crawl Stone Soup version 0.27.1-33-g824d729ab1 (webtiles) character file.

Game seed: 10103719507881475614

505 DenSaoPin the Chucker (level 6, -17/55 HPs)
             Began as a Troll Hunter on Nov 28, 2021.
             Was an Initiate of Okawaru.
             Demolished by Pikel (20 damage)
             ... while paralysed by Pikel
             ... on level 5 of the Dungeon.
             The game lasted 00:13:43 (3743 turns).

DenSaoPin the Chucker (Troll Hunter)                Turns: 3743, Time: 00:13:44

Health: -17/55     AC:  6    Str: 21    XL:     6   Next: 96%
Magic:  6/6        EV:  1    Int:  7    God:    Okawaru [......]
Gold:   59         SH:  0    Dex: 12    Spells: 5/5 levels left

rFire    . . .     SeeInvis .   y - +2 great mace (holy)
rCold    . . .     Faith    .   (shield currently unavailable)
rNeg     . . .     Spirit   .   b - +0 robe
rPois    .         Reflect  .   (helmet restricted)
rElec    .         Harm     .   B - +1 cloak
rCorr    .         Rampage  .   (gloves unavailable)
Will     .....                  (boots unavailable)
Stlth    +.........             w - amulet of regeneration
HPRegen  2.18/turn              (no ring)
MPRegen  0.10/turn              (no ring)

@: paralysed
A: large, unfitting armour, claws 3, regeneration 1, shaggy fur 1, tough skin 1
a: Renounce Religion


You were on level 5 of the Dungeon.
You worshipped Okawaru.
Okawaru was noncommittal.
You visited 2 branches of the dungeon, and saw 6 of its levels.

You collected 59 gold pieces.

Inventory:

Hand Weapons
 a - a +0 short sword
 i - a +0 club
 k - a +0 whip
 y - a +2 great mace of holy wrath (weapon)
 D - a +0 giant club
Missiles
 c - 5 large rocks
 d - 2 throwing nets
 g - 49 bolts
 m - 24 sling bullets
 o - 75 stones (quivered)
 q - 40 arrows
Armour
 b - a +0 robe (worn)
 n - a +0 cloak
 B - a +1 cloak (worn)
Jewellery
 h - an amulet of guardian spirit
 w - an amulet of regeneration (around neck)
Wands
 z - a wand of iceblast (9)
Scrolls
 e - 3 scrolls of vulnerability {unknown}
 f - 4 scrolls of identify {unknown}
 j - a scroll of fog {unknown}
 p - a scroll of immolation {unknown}
 r - 3 scrolls of teleportation {unknown}
 s - a scroll of magic mapping {unknown}
 u - 2 scrolls of noise {unknown}
 v - a scroll of acquirement {unknown}
 x - a scroll of brand weapon {unknown}
 A - a scroll of amnesia {unknown}
 F - a scroll of blinking {unknown}
Potions
 l - 3 potions of brilliance {unknown}
 t - 2 potions of flight {unknown}
 C - a potion of curing {unknown}
 E - a potion of degeneration {unknown}


   Skills:
 - Level 1.5 Fighting
 * Level 5.1 Maces & Flails
 - Level 5.1 Throwing
 - Level 1.5 Dodging
 - Level 0.3 Stealth
 + Level 1.5 Invocations


You had 5 spell levels left.
You didn't know any spells.
Your spell library contained the following spells:

 Spells                   Type           Power      Damage    Failure   Level
 Slow                     Hex            0%         N/A       56%         2
 Confusing Touch          Hex            0%         N/A       80%         3
 Vampiric Draining        Necr           0%         2d6       80%         3


Dungeon Overview and Level Annotations

Branches:
Dungeon (5/15)             Temple (1/1) D:4

Altars:
Ashenzari
Dithmenos
Hepliaklqana
Makhleb
Okawaru
Qazlal
Ru
Wu Jian
Xom
The Shining One

Annotations:
D:3 Grinder
D:5 Pikel


Innate Abilities, Weirdness & Mutations

You are too large for most types of armour.
You have claws for hands.
Your natural rate of healing is unusually fast.
You are covered in fur. (AC +1)
You have tough skin. (AC +1)


Message History

You bludgeon the ogre!!
You kill the ogre!
Okawaru is honoured by your kill.
Your Maces & Flails skill increases to level 5!
Things that are here:
a +0 giant club; an ogre corpse
D - a +0 giant club
o - 75 stones (gained 1) HP restored.
Magic restored.
Found a scroll labelled PIZECZO YNEGH.
E - a black potion A lemure comes into view.
Found 13 gold pieces.
A lemure comes into view.
The lemure shouts! x2; You hear a shout!
You hear an angry hiss.
A lemure comes into view.
You hear a shout!
You see here a scroll labelled PIZECZO YNEGH.
F - a scroll labelled PIZECZO YNEGH The lemure shouts!
You hear a shout!
You see here an ogre corpse.
You see here an ogre corpse.
A lemure comes into view.
You see here 13 gold pieces.
Pikel the Slaver comes into view.
He is wielding a +1 whip of electrocution and carrying a wand of paralysis (6).
Found an escape hatch in the floor.
Pikel shouts!
Pikel zaps a wand.
You suddenly lose the ability to move!
The lemure hits you. x2
The lemure hits you but does no damage.
Pikel hits you with a +1 whip of electrocution.
You are electrocuted!
The lemure hits you! The lemure hits you.
* * * LOW HITPOINT WARNING * * *
Pikel hits you with a +1 whip of electrocution!
* * * LOW HITPOINT WARNING * * *
The lemure hits you.
* * * LOW HITPOINT WARNING * * *
The lemure hits you but does no damage. Pikel hits you but does no damage.
You are electrocuted!!
You die...

#..############.......#..######
###..############..#..#.#........
.....†....5.5...#.....#...#.#....
###############.##.#..#..##.#####
#.##.##....##.#....
#5##.....[.##.#.###
#5######...##.#.#..
######5######......#.#.#
#>.....5@K..##......#.#.#
#.#####.....##...........
#.....###..##.#.#.# #.....#
##.##.#.#.. #.....# #..>#.#.###
#.....#####.#.#.#
#.....##....#.#.#
#.....##.####.#.# #.# #.#.#


You could see Pikel and 4 lemures.

Vanquished Creatures
  A sky beast (D:4)
  An ogre (D:5)
  A bullfrog (D:4)
  A bullfrog zombie (D:5)
  A bullfrog skeleton (D:5)
  Jessica (D:3)
  An iguana (D:4)
  A killer bee zombie (D:5)
  6 adders
  An adder zombie (D:5)
  2 worms (D:2)
  2 dart slugs
  2 orcs
  5 ball pythons
  2 endoplasms
  3 giant cockroaches
  6 goblins
  3 hobgoblins
  9 jackals
  5 kobolds
  3 quokkas
  4 bats
  3 frilled lizards
  2 rats (D:1)
66 creatures vanquished.

Vanquished Creatures (others)
  A kobold (D:4)
1 creature vanquished.

Grand Total: 67 creatures vanquished

Notes
Turn   | Place    | Note
-------+----------+-------------------------------------------
     0 | D:1      | DenSaoPin the Troll Hunter began the quest for the Orb.
     0 | D:1      | Reached XP level 1. HP: 19/19 MP: 0/0
   220 | D:1      | Reached XP level 2. HP: 26/27 MP: 1/1
   251 | D:1      | Found a faded altar of an unknown god.
   767 | D:1      | Reached skill level 1 in Maces & Flails
  1058 | D:2      | Reached XP level 3. HP: 16/33 MP: 0/2
  1642 | D:3      | Reached XP level 4. HP: 36/41 MP: 3/3
  1668 | D:3      | Noticed Jessica
  1673 | D:3      | Noticed Grinder
  1686 | D:3      | Paralysed by Grinder for 2 turns
  1692 | D:3      | Paralysed by Grinder for 5 turns
  2001 | D:3      | Noticed a sky beast
  2007 | D:3      | Killed Jessica
  2172 | D:4      | Killed a sky beast
  2173 | D:4      | Reached XP level 5. HP: 36/48 MP: 2/4
  2253 | D:4      | Found a staircase to the Ecumenical Temple.
  2281 | Temple   | Entered the Ecumenical Temple
  3008 | D:4      | Reached skill level 5 in Throwing
  3008 | D:4      | Reached XP level 6. HP: 24/55 MP: 5/5
  3131 | D:4      | Found an iron altar of Okawaru.
  3183 | D:4      | Became a worshipper of Warmaster Okawaru
  3309 | D:5      | Entered Level 5 of the Dungeon
  3610 | D:5      | Reached skill level 1 in Invocations
  3650 | D:5      | Reached skill level 5 in Maces & Flails
  3738 | D:5      | Noticed Pikel
  3739 | D:5      | Paralysed by Pikel for 7 turns
  3742 | D:5      | HP: 1/55 [lemure[Pikel] (5)]
  3743 | D:5      | Demolished by Pikel

Illustrated notes

Levels and vault maps discovered:
D:1:      heliophobic_arrival_dark_side_of_the_moon, layout_basic,
          hellmonk_ecumenical_altar_run_dry
D:2:      layout_basic, hangedman_decor_clover_reticule, minmay_pentomino_w4
D:3:      layout_basic, nicolae_gozag_seed_capital, vehumet_altar_wand_db,
          gup_sewer_entry_spiral, roderic_serpentine_path, grunt_decor_junction,
          patterned_corridor, uniq_grinder, uniq_jessica
D:4:      layout_basic, mainiacjoe_overflow_alcove_2,
          minmay_temple_entry_large_hall, minmay_misc_feat_tower,
          minmay_misc_feat_secret_circle, kennysheep_generic_room_7
D:5:      layout_basic, minmay_statues_item, uniq_pikel
Temple:   nicolae_temple_figure_zero

Skill      XL: |  1  2  3  4  5  6 |
---------------+-------------------+-----
Throwing       | 4 5 |  5.1
Maces & Flails | 1 2 3 4 5 |  5.1
Invocations    | 1 |  1.5
Fighting       | |  1.5
Dodging        | |  1.5
Stealth        | |  0.3

Action                   |  1- 3 |  4- 6 || total
-------------------------+-------+-------++-------
Melee: Short sword       |    23 |       ||    23
       Club              |    20 |       ||    20
       Whip              |    97 |   120 ||   217
       Great mace        |       |    31 ||    31
Throw: Large rock        |     2 |       ||     2
       Stone             |    15 |    34 ||    49
 Stab: Sleeping          |     2 |       ||     2
Armor: Robe              |    43 |    66 ||   109
Dodge: Dodged            |    77 |    55 ||   132
